AoeStats
← 𝖎𝖈𝖊 𝖍𝖔𝖙

African Clearing

510529222Analyzed
4v4 RM · 2d ago on Oct 1, 2026· 27m 31s· 8 players
Game mode
Random Map
Map size
Large (8 player)
Population
200
Speed
Normal
Resources
Standard
Victory
Conquest
Starting age
Dark Age
Ending age
Imperial Age
RankedLock teamsTeams togetherTeam positionsShared explorationLock speedFull tech treeHidden civsTurbo modeCheats
Victory
Defeat
🇵🇰 Poles · Pakistan
660
+11
🇮🇳 Persians · India
637
+12
🇨🇳 Magyars · China
631
+12
🇨🇳 Malians · China
630
+12
🇹🇷 Franks · Türkiye
652
-15
🇮🇹 Bulgarians · Italy
584
-13
🇧🇷 Goths · Brazil
500
-10
🇨🇳 Turks · China
470
-9
Çandarlı-Fisiyin- Pasa
3:54 Loom
15:41 Feudal Age
17:36 Double-Bit Axe
17:38 Town Watch
26:29 Gold Mining
26:35 Stone Mining
Georgina
3:41 Loom
18:47 Feudal Age
25:43 Wheelbarrow
24:51 Horse Collar
𝖎𝖈𝖊 𝖍𝖔𝖙
3:12 Loom
13:24 Feudal Age
15:50 Man-at-Arms
17:20 Horse Collar
19:10 Double-Bit Axe
20:43 Town Watch
23:51 Castle Age
22:06 Gold Mining
22:07 Stone Mining
26:06 Long Swordsman
おに惨
8:00 Loom
27:02 Feudal Age
Infernes
5:52 Loom
15:18 Feudal Age
15:40 Man-at-Arms
21:42 Double-Bit Axe
niger
6:01 Loom
13:41 Feudal Age
17:22 Castle Age
15:24 Double-Bit Axe
19:12 Bow Saw
20:04 Squires
20:41 Horse Collar
25:37 Forging
27:59 Wheelbarrow
1213350746
17:52 Feudal Age
mrbeast2mrbeast2
9:26 Loom
16:14 Feudal Age
17:18 Man-at-Arms
18:51 Wheelbarrow
24:49 Gold Mining
Connection lost

Rejoining the realm…

Still unreachable

The connection could not be restored.

Session expired

The server has moved on; the page needs a fresh start.